[Event "Titled Tuesday Blitz November 07 Early 2023"]
[White "Perez Cruz, Adianet"]
[Black "Mirza, Diana"]
[WhiteFideId "3510115"]
[BlackFideId "2503999"]
[WhiteElo "1974"]
[BlackElo "1994"]
[Result "1-0"]
[Round "7"]
[TimeControl "180+1"]
[Date "2023.11.07"]
[WhiteClock "0:00:15"]
[BlackClock "0:00:02"]
[Board "140"]

1. d4 Nf6 2. Bg5 c6 3. Bxf6 gxf6 4. c3 e5 5. g3 d5 6. Bg2 Bf5 7. Nf3 Nd7 8. Nbd2 h5 9. Nh4 Bg6 10. Qb3 Qb6 11. Nxg6 fxg6 12. Qxb6 axb6 13. h4 Bd6 14. e3 Ke7 15. a3 f5 16. Nf3 e4 17. Ng5 Kf6 18. Kd2 Nf8 19. Nh3 Ne6 20. Nf4 Bxf4 21. gxf4 c5 22. Bh3 Ra5 23. Rhg1 Rb5 24. Kc2 Rc8 25. a4 Ra5 26. Kb3 Rca8 27. Bf1 Nc7 28. Be2 b5 29. dxc5 bxa4+ 30. Kc2 Rxc5 31. Rgd1 b5 32. Rd4 Ne6 33. Rb4 Nc7 34. Rd1 Ke6 35. Rg1 Kf7 36. Rd4 a3 37. b4 Rc6 38. Kb3 a2 39. Ra1 Ne6 40. Rxd5 Rac8 41. Kxa2 Rxc3 42. Rd7+ Kf6 43. Bxb5 Rc2+ 44. Kb1 Rxf2 45. Rd6 Rcc2 46. Raa6 Rb2+ 47. Kc1 Rbc2+ 48. Kd1 Rb2 49. Rxe6+ Kf7 50. Rec6 Rb1+ 51. Rc1 Rbb2 52. Ra7+ Kf8 53. Rc8# 1-0


[Site "https://www.chess.com"]

[Event "Titled Tuesday Blitz November 07 Early 2023"]
[White "topce"]
[Black "Spichkin, Alexander"]
[BlackFideId "4144074"]
[WhiteElo "2514"]
[BlackElo "2359"]
[Result "1-0"]
[Round "7"]
[TimeControl "180+1"]
[Date "2023.11.07"]
[WhiteClock "0:01:58"]
[BlackClock "0:01:05"]
[Board "141"]

1. c4 d6 2. d4 c6 3. Nc3 Nd7 4. e4 h6 5. f4 g5 6. fxg5 Bg7 7. Nf3 Qa5 8. Bd3 Nf8 9. O-O Ne6 10. Be3 hxg5 11. d5 Nf4 12. Nxg5 Nxd3 13. Qxd3 Nf6 14. e5 dxe5 15. d6 e4 16. Qd2 Qe5 17. Bf4 Qc5+ 18. Be3 Qxd6 19. Qxd6 exd6 20. Bd4 Nh5 21. Bxg7 Nxg7 22. Nxf7 Ke7 23. Nxh8 Be6 24. Ng6+ Kd7 25. b3 Rg8 26. Nxe4 Nf5 27. Nf6+ 1-0


[Site "https://www.chess.com"]

[Event "Titled Tuesday Blitz November 07 Early 2023"]
[White "Mayaud, Raphael"]
[Black "Bazilius, Augustinas"]
[WhiteFideId "627151"]
[BlackFideId "12832251"]
[WhiteElo "2354"]
[BlackElo "2501"]
[Result "0-1"]
[Round "7"]
[TimeControl "180+1"]
[Date "2023.11.07"]
[WhiteClock "0:00:20"]
[BlackClock "0:00:20"]
[Board "142"]

1. d4 Nf6 2. Bg5 Ne4 3. Bf4 d5 4. e3 g6 5. Bd3 Bg7 6. Bxe4 dxe4 7. Nc3 f5 8. Qe2 O-O 9. Qc4+ Kh8 10. Qxc7 Qxc7 11. Bxc7 Na6 12. Be5 Bxe5 13. dxe5 Nb4 14. O-O-O Nc6 15. f4 exf3 16. Nxf3 Be6 17. Nb5 Rac8 18. a3 a6 19. Nbd4 Bd5 20. h4 Be4 21. Nxc6 Rxc6 22. Rd2 Rfc8 23. Nd4 Rc5 24. h5 g5 25. Ne6 Rxc2+ 26. Rxc2 Rxc2+ 27. Kd1 Rxg2 28. h6 Rxb2 29. Re1 Rb1+ 30. Kd2 Rxe1 31. Kxe1 g4 32. Kf2 Kg8 33. Kg3 Kf7 34. Nf4 b5 35. Ne2 Kg6 36. Nd4 Kxh6 37. Ne6 a5 38. Nc5 b4 39. axb4 axb4 40. Kf4 Kg6 41. Nb3 Bc2 42. Nd4 b3 43. e6 b2 0-1


[Site "https://www.chess.com"]

[Event "Titled Tuesday Blitz November 07 Early 2023"]
[White "Topalov, Aleksandar"]
[Black "Khater, Sherif"]
[WhiteFideId "925659"]
[BlackFideId "2034280"]
[WhiteElo "2337"]
[BlackElo "2485"]
[Result "0-1"]
[Round "7"]
[TimeControl "180+1"]
[Date "2023.11.07"]
[WhiteClock "0:00:00"]
[BlackClock "0:00:12"]
[Board "143"]

1. b3 a6 2. Bb2 Nf6 3. Nf3 g6 4. Bxf6 exf6 5. c4 Bg7 6. Nc3 f5 7. e3 O-O 8. g3 d6 9. Bg2 Nd7 10. O-O Re8 11. Rc1 Nf6 12. d3 c6 13. b4 Qc7 14. a4 Bd7 15. Qb3 Ng4 16. b5 Ne5 17. d4 Ng4 18. Rb1 axb5 19. axb5 Qa5 20. h3 Nf6 21. Nd2 Qa3 22. Qc2 h5 23. Rb3 Qa5 24. h4 Ng4 25. bxc6 bxc6 26. Rb7 Qd8 27. Bf3 Rb8 28. Rfb1 Rxb7 29. Rxb7 f4 30. exf4 Re1+ 31. Kg2 Qc8 32. Qb2 Kh7 33. Nce4 Nf6 0-1


[Site "https://www.chess.com"]

[Event "Titled Tuesday Blitz November 07 Early 2023"]
[White "Samaganova, Aleksandra"]
[Black "Estrada Nieto, Julian"]
[WhiteFideId "13800221"]
[BlackFideId "5101018"]
[WhiteElo "2334"]
[BlackElo "2477"]
[Result "1-0"]
[Round "7"]
[TimeControl "180+1"]
[Date "2023.11.07"]
[WhiteClock "0:00:07"]
[BlackClock "0:00:03"]
[Board "144"]

1. c4 e5 2. Nc3 Nf6 3. Nf3 Nc6 4. a3 g6 5. b4 d6 6. e3 Bg7 7. b5 Ne7 8. d4 exd4 9. exd4 d5 10. c5 O-O 11. Be2 Ne4 12. Bb2 Re8 13. O-O Bg4 14. h3 Nxc3 15. Bxc3 Bf5 16. Bd3 Bxd3 17. Qxd3 Nf5 18. Rfe1 Qf6 19. Ne5 Re7 20. Qf3 c6 21. bxc6 bxc6 22. Rab1 Rae8 23. Qd3 h5 24. Qa6 Re6 25. Qxa7 Nh4 26. Rb8 Qf5 27. Rxe8+ Rxe8 28. Qd7 Rxe5 29. Qd8+ Kh7 30. dxe5 Qd3 31. Qxh4 Qxc3 32. f3 Bxe5 33. Kh1 Kg7 34. Qf2 Bd4 35. Qe2 Qxc5 36. a4 Bf6 37. Qd3 d4 38. Qe4 Qc4 39. a5 Qc3 40. a6 Qc5 41. Qd3 Qb6 42. Ra1 Qa7 43. Ra2 c5 44. Qc4 Qb6 45. a7 Qb1+ 46. Kh2 Be5+ 47. g3 Qe1 48. a8=Q Qxg3+ 49. Kh1 Qxh3+ 50. Kg1 Qg3+ 51. Kf1 Qxf3+ 52. Ke1 Bg3+ 53. Kd2 Qe3+ 54. Kc2 Qf2+ 55. Kb1 Qe1+ 56. Qc1 Qb4+ 57. Rb2 Qc3 58. Qxc3 dxc3 59. Rc2 Be5 60. Qe4 Bd4 61. Qd3 Kh6 62. Rxc3 Bxc3 63. Qxc3 f5 64. Qe3+ Kh7 65. Qxc5 h4 66. Qf2 g5 67. Qxf5+ Kh6 68. Qg4 Kg6 69. Kc2 Kf6 70. Kd3 Kg6 71. Ke4 Kf6 72. Qf5+ Ke7 73. Qxg5+ Kd6 74. Qxh4 Kc5 75. Qd8 Kc4 76. Qc8+ 1-0


[Site "https://www.chess.com"]

[Event "Titled Tuesday Blitz November 07 Early 2023"]
[White "Fernandez Garcia, Gumersindo"]
[Black "Buchenau, Frank"]
[WhiteFideId "24516740"]
[BlackFideId "4604350"]
[WhiteElo "2321"]
[BlackElo "2476"]
[Result "1-0"]
[Round "7"]
[TimeControl "180+1"]
[Date "2023.11.07"]
[WhiteClock "0:00:50"]
[BlackClock "0:00:00"]
[Board "145"]

1. e4 e6 2. Qe2 c5 3. b3 Nc6 4. Bb2 Nf6 5. Nf3 Be7 6. g3 O-O 7. Bg2 d5 8. exd5 exd5 9. O-O Re8 10. d3 Bf8 11. Qd2 Bf5 12. Nc3 d4 13. Ne2 Qd7 14. Rae1 Bh3 15. Bxh3 Qxh3 16. Nf4 Qd7 17. Rxe8 Rxe8 18. Re1 Bd6 19. Bc1 Nb4 20. Rxe8+ Qxe8 21. a3 Bxf4 22. gxf4 Nbd5 23. Qe1 Qxe1+ 24. Nxe1 g6 25. Bd2 Nh5 26. Ng2 f5 27. Kf1 Kf7 28. Ke2 Ke6 29. Kf3 b5 30. b4 c4 31. dxc4 bxc4 32. c3 dxc3 33. Bc1 Nb6 34. Ke2 Kd5 35. f3 Kc6 36. Ke3 Nf6 37. Kd4 Nfd5 38. Ne3 Nxe3 39. Bxe3 Nd5 40. Bc1 c2 41. Kxc4 1-0


[Site "https://www.chess.com"]

[Event "Titled Tuesday Blitz November 07 Early 2023"]
[White "Fernandez Siles, Luis"]
[Black "Boraso, Alessio"]
[WhiteFideId "2209420"]
[BlackFideId "848077"]
[WhiteElo "2320"]
[BlackElo "2439"]
[Result "1/2-1/2"]
[Round "7"]
[TimeControl "180+1"]
[Date "2023.11.07"]
[WhiteClock "0:00:13"]
[BlackClock "0:00:02"]
[Board "146"]

1. d4 Nc6 2. Nf3 d6 3. Nc3 Bg4 4. e4 Nf6 5. Be3 e5 6. d5 Nb8 7. h3 Bc8 8. Be2 Be7 9. O-O O-O 10. a4 h6 11. a5 a6 12. b4 Nbd7 13. Nd2 Nh7 14. Na4 Bg5 15. Bxg5 Nxg5 16. c4 Nf6 17. Bd3 g6 18. c5 Nh5 19. h4 Nf4 20. Ra3 Nxg2 21. Kxg2 Nh3 22. Nf3 Bg4 23. Be2 Nf4+ 24. Kg3 Qd7 25. Rh1 f5 26. c6 bxc6 27. dxc6 Qe7 28. Ng1 Bxe2 29. Nxe2 fxe4 30. Nxf4 exf4+ 31. Kg2 e3 32. Qd5+ Kh7 33. h5 Rf5 34. hxg6+ Kxg6 35. Rxh6+ Kxh6 36. Qxf5 Rg8+ 37. Kf3 e2 38. Qxf4+ Kh7 39. Qf5+ Kh6 40. Qf4+ Kh7 41. Qf5+ Kg7 42. Qg4+ Kh6 43. Qf4+ 1/2-1/2


[Site "https://www.chess.com"]

[Event "Titled Tuesday Blitz November 07 Early 2023"]
[White "Novikova, Galina"]
[Black "MIss_MIaMI"]
[WhiteFideId "4157095"]
[WhiteElo "2426"]
[BlackElo "2324"]
[Result "0-1"]
[Round "7"]
[TimeControl "180+1"]
[Date "2023.11.07"]
[WhiteClock "0:00:00"]
[BlackClock "0:00:09"]
[Board "147"]

1. e4 c5 2. Nf3 e6 3. b4 b6 4. bxc5 bxc5 5. c3 Bb7 6. Bd3 Nf6 7. Qe2 Be7 8. O-O d6 9. Bc2 O-O 10. d4 Nc6 11. e5 Ne8 12. Qe4 g6 13. Bh6 Ng7 14. Qe3 cxd4 15. cxd4 Nb4 16. Bd3 Nxd3 17. Qxd3 dxe5 18. Nxe5 Qd5 19. Nf3 Rfd8 20. Nc3 Qh5 21. Bxg7 Kxg7 22. Ne4 Qa5 23. Rfe1 Rac8 24. Qe3 h6 25. h3 Bd5 26. Ne5 Rc2 27. Qf4 f5 28. Qg3 g5 29. Nc5 Bxc5 30. dxc5 Qxc5 31. Nd3 Qd6 32. Qe3 Rd7 33. a4 Be4 34. Rad1 Qd4 35. Nb4 Qxb4 36. Rxd7+ Kg6 37. Red1 Qxa4 38. Qc5 Rxc5 39. Re7 Qxd1+ 0-1


[Site "https://www.chess.com"]

[Event "Titled Tuesday Blitz November 07 Early 2023"]
[White "crazy_m_attack"]
[Black "Petrova, Irina"]
[BlackFideId "14124122"]
[WhiteElo "2426"]
[BlackElo "2320"]
[Result "1-0"]
[Round "7"]
[TimeControl "180+1"]
[Date "2023.11.07"]
[WhiteClock "0:01:35"]
[BlackClock "0:01:31"]
[Board "148"]

1. e4 d6 2. d4 Nf6 3. Nc3 e5 4. Nf3 Nbd7 5. Bc4 Be7 6. O-O O-O 7. h3 c6 8. a4 h6 9. Re1 Re8 10. Ba2 Bf8 11. d5 Qc7 12. dxc6 bxc6 13. Be3 Nb8 14. Nh4 Be6 15. Qf3 Nbd7 16. Nf5 Bxa2 17. Rxa2 Kh7 18. g4 g6 19. Ng3 Bg7 20. Rd1 d5 21. exd5 cxd5 22. Nxd5 Nxd5 23. Qxd5 Nf6 24. Qb3 Rad8 25. Raa1 Nd5 26. Rxd5 Rb8 27. Qc3 Qb7 28. Rb5 Qf3 29. Bxa7 1-0


[Site "https://www.chess.com"]

[Event "Titled Tuesday Blitz November 07 Early 2023"]
[White "Azali, Tannaz"]
[Black "Ardila, Oscar Humberto"]
[WhiteFideId "12537721"]
[BlackFideId "4404742"]
[WhiteElo "2425"]
[BlackElo "2319"]
[Result "1-0"]
[Round "7"]
[TimeControl "180+1"]
[Date "2023.11.07"]
[WhiteClock "0:01:26"]
[BlackClock "0:01:18"]
[Board "149"]

1. d4 Nf6 2. c4 e6 3. Nc3 Bb4 4. f3 c5 5. d5 exd5 6. cxd5 d6 7. e4 O-O 8. Ne2 Nbd7 9. Ng3 a6 10. Be2 b5 11. O-O Ba5 12. a4 b4 13. Nb1 Bb6 14. Kh1 a5 15. Nd2 Re8 16. Nc4 Ne5 17. Bf4 Nxc4 18. Bxc4 Nh5 19. Nxh5 g6 20. Ng3 Qf6 21. Qd2 h5 22. Rae1 h4 23. Ne2 Bd7 24. Bg5 Qh8 25. b3 f6 26. Bf4 g5 27. Bxd6 h3 28. g3 Qh5 29. g4 Qh4 30. Ng3 Kf7 31. e5 fxe5 32. Bxe5 Kg6 33. Qd3+ Kh6 34. Nf5+ Bxf5 35. Qxf5 Rf8 36. Qe6+ Kh7 37. Bd3+ 1-0


[Site "https://www.chess.com"]

[Event "Titled Tuesday Blitz November 07 Early 2023"]
[White "Pumpkin_in_moonlight"]
[Black "Su, Dion"]
[BlackFideId "2029731"]
[WhiteElo "2319"]
[BlackElo "2415"]
[Result "0-1"]
[Round "7"]
[TimeControl "180+1"]
[Date "2023.11.07"]
[WhiteClock "0:00:55"]
[BlackClock "0:01:51"]
[Board "150"]

1. e4 e6 2. d4 d5 3. Nc3 Nf6 4. e5 Nfd7 5. f4 c5 6. Nf3 Nc6 7. Be3 Be7 8. Qd2 O-O 9. g4 f6 10. O-O-O cxd4 11. Nxd4 Nxd4 12. Bxd4 fxe5 13. fxe5 Nxe5 14. Kb1 Nf3 15. Qe2 Nxd4 16. Rxd4 Bd7 17. Bg2 Bf6 18. Rb4 a5 19. Rxb7 Rb8 20. Qa6 Bxc3 21. bxc3 Qc7 22. Rxb8 Rxb8+ 23. Kc1 Qf4+ 24. Kd1 Rb1+ 25. Ke2 Bb5+ 0-1


[Site "https://www.chess.com"]

[Event "Titled Tuesday Blitz November 07 Early 2023"]
[White "Osmonbekov, Talaibek"]
[Black "Daianu, Cristian-Clement"]
[WhiteFideId "2017253"]
[BlackFideId "1208926"]
[WhiteElo "2317"]
[BlackElo "2415"]
[Result "0-1"]
[Round "7"]
[TimeControl "180+1"]
[Date "2023.11.07"]
[WhiteClock "0:00:04"]
[BlackClock "0:01:31"]
[Board "151"]

1. d4 d5 2. Nc3 e6 3. Bf4 f5 4. f3 c6 5. e4 Nf6 6. e5 Nh5 7. Bd2 Qh4+ 8. Ke2 Qxd4 9. Be3 Qxe5 10. Kf2 c5 11. f4 Nxf4 12. Nf3 Qc7 13. Nb5 Qb6 14. c4 Bd6 15. Nxd6+ Qxd6 16. Bxf4 Qxf4 17. cxd5 O-O 18. Qb3 e5 19. d6+ Kh8 20. g3 Qh6 21. Nxe5 Be6 22. Bc4 Qd2+ 23. Kf1 Qxd6 24. Bxe6 Qxe5 25. Re1 Qc7 26. Bd5 Nc6 27. Bxc6 Qxc6 28. Kf2 Rad8 29. Re6 Rd2+ 30. Re2 Rxe2+ 31. Kxe2 Qxh1 0-1


[Site "https://www.chess.com"]

[Event "Titled Tuesday Blitz November 07 Early 2023"]
[White "Mazzilli, Piero"]
[Black "Cristi_Coca"]
[WhiteFideId "807087"]
[WhiteElo "2314"]
[BlackElo "2414"]
[Result "0-1"]
[Round "7"]
[TimeControl "180+1"]
[Date "2023.11.07"]
[WhiteClock "0:00:04"]
[BlackClock "0:01:07"]
[Board "152"]

1. e4 c5 2. Nf3 e6 3. c3 d5 4. exd5 exd5 5. d4 Nc6 6. Bb5 Nf6 7. O-O Bd6 8. dxc5 Bxc5 9. Re1+ Be6 10. Nd4 O-O 11. Be3 Qb6 12. a4 Nxd4 13. Bxd4 Bxd4 14. Qxd4 Qxd4 15. cxd4 Rac8 16. Nc3 Bf5 17. f3 a6 18. Bf1 Rfe8 19. Kf2 Bc2 20. Re5 Bb3 21. Rae1 Kf8 22. a5 Nd7 23. Rxe8+ Rxe8 24. g3 Nb8 25. Bh3 Nc6 26. Rxe8+ Kxe8 27. Bc8 Nxa5 28. f4 Kd8 29. Bf5 g6 30. Bg4 Kc7 31. Bf3 Kd6 32. Ke2 b5 33. Kd2 b4 34. Ne2 Nc4+ 35. Kc1 a5 36. Ng1 a4 37. Be2 a3 38. bxa3 bxa3 39. Bxc4 dxc4 40. Nf3 c3 41. Ne5 a2 0-1


[Site "https://www.chess.com"]

[Event "Titled Tuesday Blitz November 07 Early 2023"]
[White "Todorovic, Bojan"]
[Black "Bogaudinov, Rushan"]
[WhiteFideId "917087"]
[BlackFideId "4129288"]
[WhiteElo "2412"]
[BlackElo "2310"]
[Result "1-0"]
[Round "7"]
[TimeControl "180+1"]
[Date "2023.11.07"]
[WhiteClock "0:00:43"]
[BlackClock "0:00:04"]
[Board "153"]

1. Nf3 d5 2. g3 Nf6 3. Bg2 g6 4. O-O Bg7 5. c4 O-O 6. cxd5 Nxd5 7. Nc3 Nxc3 8. bxc3 e5 9. Ba3 Re8 10. Qb3 Nc6 11. d3 Rb8 12. Rab1 Be6 13. Qc2 h5 14. h4 Bd5 15. e4 Be6 16. Ng5 b6 17. Nxe6 Rxe6 18. Bc1 Qd6 19. Be3 Rd8 20. Rfd1 Kh7 21. Rb5 Qa3 22. Bc1 Qa6 23. Rd5 Red6 24. f4 Ne7 25. Rxd6 cxd6 26. f5 d5 27. Qf2 dxe4 28. f6 Qa4 29. Rf1 exd3 30. fxe7 Re8 31. Qxf7 Qd7 32. Bg5 d2 33. Bf6 Rxe7 34. Qxe7 Qxe7 35. Bxe7 Bh6 36. Bg5 Bxg5 37. hxg5 1-0


[Site "https://www.chess.com"]

[Event "Titled Tuesday Blitz November 07 Early 2023"]
[White "Filip, Andrei"]
[Black "Rasmussen, Casper"]
[WhiteFideId "1249452"]
[BlackFideId "1402005"]
[WhiteElo "2412"]
[BlackElo "2301"]
[Result "1-0"]
[Round "7"]
[TimeControl "180+1"]
[Date "2023.11.07"]
[WhiteClock "0:00:22"]
[BlackClock "0:00:01"]
[Board "154"]

1. c4 c5 2. Nf3 Nc6 3. g3 d6 4. Bg2 Bg4 5. O-O Qd7 6. Re1 Bh3 7. Bh1 h5 8. d4 cxd4 9. Nxd4 h4 10. Nc3 Nf6 11. e4 Ng4 12. Nxc6 bxc6 13. e5 Nxh2 14. Qa4 Rc8 15. exd6 hxg3 16. fxg3 Qxd6 17. Bf4 Qc5+ 18. Be3 e6 19. Kxh2 Qh5 20. Bxc6+ Ke7 21. Nd5+ exd5 22. Bg5+ Kd6 23. c5+ Kc7 24. Bf4+ Kd8 25. Re8# 1-0


[Site "https://www.chess.com"]

[Event "Titled Tuesday Blitz November 07 Early 2023"]
[White "Cesar Maestre, Bernardo"]
[Black "Kohler, Aran"]
[WhiteFideId "24542547"]
[BlackFideId "1002856"]
[WhiteElo "2408"]
[BlackElo "2289"]
[Result "1-0"]
[Round "7"]
[TimeControl "180+1"]
[Date "2023.11.07"]
[WhiteClock "0:00:14"]
[BlackClock "0:00:00"]
[Board "155"]

1. e4 c6 2. d4 d5 3. Nc3 dxe4 4. Nxe4 Bf5 5. Ng3 Bg6 6. h4 h6 7. Nf3 Nd7 8. h5 Bh7 9. Bd3 Ngf6 10. Bxh7 Nxh7 11. Bf4 e6 12. Qe2 Be7 13. O-O-O O-O 14. Kb1 a5 15. Ne4 a4 16. g4 Ng5 17. Nfxg5 hxg5 18. Bc1 a3 19. b3 b5 20. h6 g6 21. Qe3 Kh7 22. Nxg5+ Bxg5 23. Qxg5 Qxg5 24. Bxg5 Nb6 25. c3 Nd5 26. Kc2 b4 27. c4 Nc3 28. Ra1 f6 29. Bd2 Ne4 30. Bxb4 Rfd8 31. f3 Ng5 32. Be7 Rd7 33. Bxf6 Nxf3 34. Rad1 Rf8 35. g5 Rdf7 36. Kc3 Rxf6 37. gxf6 Rxf6 38. Kb4 Rf5 39. Kxa3 g5 40. Rhf1 g4 41. Rd3 Kxh6 42. Kb4 Kg5 43. a4 Kh4 44. a5 g3 45. Rdxf3 Rxf3 46. Rxf3 g2 47. Rf4+ Kh5 48. Rf8 g1=Q 49. Rh8+ 1-0


[Site "https://www.chess.com"]

[Event "Titled Tuesday Blitz November 07 Early 2023"]
[White "Osinovsky, Stepan"]
[Black "Belanoff, Ted"]
[WhiteFideId "4157354"]
[BlackFideId "2070588"]
[WhiteElo "2402"]
[BlackElo "2287"]
[Result "1-0"]
[Round "7"]
[TimeControl "180+1"]
[Date "2023.11.07"]
[WhiteClock "0:01:13"]
[BlackClock "0:01:37"]
[Board "157"]

1. e4 d5 2. exd5 Qxd5 3. Nc3 Qd6 4. d4 c6 5. Qf3 Nf6 6. Bf4 Qxd4 7. Bd3 e5 8. Nge2 Qd6 9. O-O-O exf4 10. Bf5 Qc7 11. Bxc8 Qxc8 12. Rhe1 Be7 13. Nd4 Kf8 14. Qxf4 Nbd7 15. Rxe7 Kxe7 16. Nf5+ Kf8 17. Qd6+ Ke8 18. Qe7# 1-0


[Site "https://www.chess.com"]

[Event "Titled Tuesday Blitz November 07 Early 2023"]
[White "De Souza, Cristiano Gomes"]
[Black "Begunov, Konstantin"]
[WhiteFideId "2151758"]
[BlackFideId "4118510"]
[WhiteElo "2285"]
[BlackElo "2401"]
[Result "1-0"]
[Round "7"]
[TimeControl "180+1"]
[Date "2023.11.07"]
[WhiteClock "0:00:40"]
[BlackClock "0:00:00"]
[Board "158"]

1. d4 d5 2. c4 c6 3. Nf3 Nf6 4. Nc3 dxc4 5. a4 Bg4 6. Ne5 Bh5 7. f3 Nfd7 8. Nxc4 e5 9. Nxe5 Nxe5 10. dxe5 Nd7 11. Bf4 Bb4 12. g4 Bg6 13. Bg3 h5 14. h4 hxg4 15. fxg4 Qe7 16. Qd4 Bc5 17. Qf4 O-O-O 18. h5 f6 19. exf6 Nxf6 20. Qb8+ Kd7 21. Qxb7+ Ke8 22. Qxc6+ Kf8 23. Bg2 Bd3 24. Qf3 Kg8 25. g5 Ne8 26. Rd1 Bc2 27. Rxd8 Qxd8 28. Qd5+ Qxd5 29. Bxd5+ Kf8 30. Kd2 1-0


[Site "https://www.chess.com"]

[Event "Titled Tuesday Blitz November 07 Early 2023"]
[White "Matveeva, Olga"]
[Black "Quirke, Jeffrey"]
[WhiteFideId "24107018"]
[BlackFideId "2013029"]
[WhiteElo "2396"]
[BlackElo "2249"]
[Result "1-0"]
[Round "7"]
[TimeControl "180+1"]
[Date "2023.11.07"]
[WhiteClock "0:00:17"]
[BlackClock "0:00:00"]
[Board "159"]

1. d4 Nf6 2. c4 g6 3. g3 Bg7 4. Bg2 d5 5. cxd5 Nxd5 6. Nf3 O-O 7. O-O Nb6 8. Nc3 Nc6 9. e3 Re8 10. Re1 e5 11. d5 Na5 12. e4 c6 13. b3 cxd5 14. exd5 e4 15. Nxe4 Bxa1 16. Bg5 f6 17. Bxf6 Bxf6 18. Nxf6+ Qxf6 19. Rxe8+ Kg7 20. Qe1 Bg4 21. Re7+ Kf8 22. Rxh7 Re8 23. Qxa5 Qa1+ 24. Bf1 Bxf3 25. Qc5+ Kg8 26. Qc7 Qf6 27. Qxb7 Bxd5 28. Qxa7 Bf7 29. Rxf7 Qxf7 30. Qxb6 1-0


[Site "https://www.chess.com"]

[Event "Titled Tuesday Blitz November 07 Early 2023"]
[White "Rodriguez Dominguez, Melissa"]
[Black "Goldin, Roman"]
[WhiteFideId "3517560"]
[BlackFideId "2803860"]
[WhiteElo "2245"]
[BlackElo "2390"]
[Result "0-1"]
[Round "7"]
[TimeControl "180+1"]
[Date "2023.11.07"]
[WhiteClock "0:00:05"]
[BlackClock "0:00:09"]
[Board "160"]

1. e4 d5 2. exd5 Qxd5 3. Nf3 Nf6 4. d4 Bg4 5. Be2 Nc6 6. c4 Qh5 7. d5 O-O-O 8. Ng5 e6 9. Bxg4 Nxg4 10. Nxf7 Bc5 11. Be3 Bxe3 12. fxe3 Qh4+ 13. g3 Qh3 14. Nxd8 Rxd8 15. Nd2 exd5 16. cxd5 Nb4 17. Qe2 Nc2+ 18. Kd1 Nxa1 19. e4 Ne5 20. Rf1 a6 21. Rf5 Re8 22. Kc1 Qh6 23. b3 Qb6 24. Kb2 Qd4+ 25. Ka3 Nd3 26. Nc4 Nc2+ 27. Qxc2 Qc5+ 28. Ka4 Qb4# 0-1


[Site "https://www.chess.com"]

[Event "Titled Tuesday Blitz November 07 Early 2023"]
[White "UK_23"]
[Black "Witty_Alien"]
[WhiteElo "2388"]
[BlackElo "2244"]
[Result "1-0"]
[Round "7"]
[TimeControl "180+1"]
[Date "2023.11.07"]
[WhiteClock "0:00:18"]
[BlackClock "0:00:00"]
[Board "161"]

1. e4 c5 2. Nf3 d6 3. d4 cxd4 4. Qxd4 a6 5. Be2 Nc6 6. Qe3 g6 7. O-O Bg7 8. Rd1 Bd7 9. c4 Nf6 10. Nc3 Rc8 11. h3 O-O 12. Rb1 Qa5 13. b3 Ng4 14. hxg4 Bxc3 15. Bd2 Bxd2 16. Nxd2 Qxa2 17. Qh6 Ne5 18. Qh4 Qc2 19. Qxe7 Bxg4 20. Bxg4 Nxg4 21. Qxd6 Rcd8 22. Qf4 Rfe8 23. f3 Ne5 24. Rbc1 Qb2 25. Rb1 Qd4+ 26. Kh2 Nd3 27. Qh6 Re5 28. g4 Qf2+ 29. Kh1 g5 30. Qh2 Qe3 31. c5 Nf2+ 32. Kg2 Rxd2 33. Rxd2 Qxd2 34. Kg3 Nd3 35. Qxd2 1-0


[Site "https://www.chess.com"]

[Event "Titled Tuesday Blitz November 07 Early 2023"]
[White "Gaikwad, Siddhant"]
[Black "Dmitrenko, Viktor"]
[WhiteFideId "25010239"]
[BlackFideId "14110270"]
[WhiteElo "2233"]
[BlackElo "2385"]
[Result "0-1"]
[Round "7"]
[TimeControl "180+1"]
[Date "2023.11.07"]
[WhiteClock "0:01:12"]
[BlackClock "0:00:02"]
[Board "162"]

1. e4 c5 2. Nf3 Nc6 3. b4 cxb4 4. d4 d5 5. exd5 Qxd5 6. c4 Qd6 7. d5 Ne5 8. Bb2 Nxf3+ 9. Qxf3 Nf6 10. Nd2 Bg4 11. Qe3 e6 12. f3 Bf5 13. g4 Bg6 14. h4 h5 15. g5 Nd7 16. O-O-O b6 17. Bh3 Nc5 18. Ne4 Bxe4 19. fxe4 e5 20. Qg3 f6 21. gxf6 gxf6 22. Qg6+ Ke7 23. Rhf1 Bh6+ 24. Kb1 Rag8 25. Qxh5 Nxe4 26. Rde1 Nd2+ 27. Kc2 Nxf1 28. Rxf1 Bf4 29. Qf5 Rxh4 30. Re1 Kf8 31. Rxe5 Bxe5 32. Bxe5 Qxe5 33. Qd7 Rxh3 34. Qxh3 Qe4+ 35. Kb3 a5 36. Qc8+ Kg7 37. Qc7+ Kg6 38. Qg3+ Kf7 39. Qc7+ Qe7 40. Qxb6 Rg3+ 41. Ka4 Ra3+ 42. Kb5 Qd7+ 43. Qc6 Qxc6+ 44. dxc6 Ke7 45. Kb6 Rc3 46. c5 Kd8 47. Kb7 Rxc5 0-1


[Site "https://www.chess.com"]

[Event "Titled Tuesday Blitz November 07 Early 2023"]
[White "Juicy_Fork"]
[Black "Modric, Nesa"]
[BlackFideId "922579"]
[WhiteElo "2385"]
[BlackElo "2165"]
[Result "0-1"]
[Round "7"]
[TimeControl "180+1"]
[Date "2023.11.07"]
[WhiteClock "0:00:23"]
[BlackClock "0:00:16"]
[Board "163"]

1. e4 d5 2. exd5 Qxd5 3. Nc3 Qa5 4. d4 c6 5. Nf3 Nf6 6. Bc4 Bf5 7. Bd2 e6 8. Qe2 Bb4 9. a3 Nbd7 10. O-O Bxc3 11. Bxc3 Qc7 12. Ne5 O-O 13. h3 Nxe5 14. dxe5 Ne4 15. g4 Nxc3 16. bxc3 Bg6 17. f4 Qb6+ 18. Kh2 Qc5 19. f5 exf5 20. gxf5 Bh5 21. Qxh5 Qxc4 22. f6 Rfd8 23. Rf2 Rd2 24. Rxd2 Qf4+ 25. Kh1 Qxd2 26. Rd1 Qxc2 27. Rg1 Qe4+ 28. Rg2 Rd8 29. fxg7 Rd2 30. Qg4 Qxg2+ 31. Qxg2 Rxg2 32. Kxg2 Kxg7 33. Kf3 Kg6 34. Kg4 c5 35. h4 b5 36. h5+ Kg7 37. Kf5 a5 38. h6+ Kf8 39. Ke4 b4 40. cxb4 cxb4 41. axb4 axb4 42. Kd4 Ke7 43. Kc4 Ke6 44. Kxb4 Kxe5 45. Kc5 Kf6 46. Kd5 Kg6 47. Ke5 Kxh6 48. Kf6 Kh5 49. Kf5 h6 50. Kf4 Kg6 51. Kg4 f6 52. Kf4 h5 53. Kg3 Kg5 54. Kh3 f5 55. Kg2 Kg4 0-1


[Site "https://www.chess.com"]

[Event "Titled Tuesday Blitz November 07 Early 2023"]
[White "jimmy-schlumpf"]
[Black "La Villa Rivas, Marlon Javier"]
[BlackFideId "3519546"]
[WhiteElo "2225"]
[BlackElo "2381"]
[Result "0-1"]
[Round "7"]
[TimeControl "180+1"]
[Date "2023.11.07"]
[WhiteClock "0:00:21"]
[BlackClock "0:01:36"]
[Board "164"]

1. d4 Nf6 2. Nf3 e6 3. c4 b6 4. g3 Ba6 5. Qc2 Bb4+ 6. Bd2 Qe7 7. Bg2 O-O 8. O-O Bb7 9. Bg5 h6 10. Bxf6 Qxf6 11. c5 bxc5 12. a3 Ba5 13. dxc5 d6 14. Ng5 hxg5 15. Bxb7 Nd7 16. Bxa8 Rxa8 17. cxd6 cxd6 18. Qc6 Rd8 19. Nc3 Ne5 20. Qa4 Bb6 21. Rad1 d5 22. b4 Ng4 23. e3 Qxc3 24. b5 Ne5 25. Rc1 Qd3 26. Rfd1 Qf5 27. e4 Qh3 0-1


[Site "https://www.chess.com"]